 Dungeon Crawl Stone Soup version 0.28.0-43-g3370ac3207 (webtiles) character file.

Game seed: 16628072283202900207

525 bromine the Cudgeller (level 7, -1/60 HPs)
             Began as a Gnoll Berserker on Mar 5, 2022.
             Was a Believer of Trog.
             Slain by an ogre
             ... wielding a +0 giant club
              (5 damage)
             ... on level 4 of the Dungeon.
             The game lasted 00:10:57 (6346 turns).

bromine the Cudgeller (Gnoll Berserker)             Turns: 6346, Time: 00:10:57

Health: -1/60      AC:  8    Str: 18    XL:     7   Next: 22%
Magic:  10/10      EV: 12    Int:  7    God:    Trog [**....]
Gold:   164        SH:  0    Dex: 11    Spells: 10/10 levels left

rFire   . . .      SeeInvis .   n - +0 scythe
rCold   . . .      Faith    .   (shield currently unavailable)
rNeg    . . .      Spirit   .   d - +1 ring mail
rPois   .          Reflect  .   (no helmet)
rElec   .          Harm     .   (no cloak)
rCorr   .          Rampage  .   (no gloves)
Will    .....                   e - +0 pair of boots
Stlth   +.........              (no amulet)
HPRegen 0.20/turn               (no ring)
MPRegen 0.12/turn               (no ring)

@: no status effects
A: fangs 1, strong nose, distributed training
a: Renounce Religion, Berserk, Trog's Hand


You were on level 4 of the Dungeon.
You worshipped Trog.
Trog was pleased with you.
You visited 1 branch of the dungeon, and saw 4 of its levels.

You collected 164 gold pieces.

Inventory:

Hand Weapons
 a - a +0 mace of protection
 n - a +0 scythe (weapon)
Missiles
 h - 3 poisoned darts (quivered)
Armour
 b - a +0 animal skin
 d - a +1 ring mail (worn)
 e - a +0 pair of boots (worn)
Magical Staves
 c - a staff of cold
Wands
 i - a wand of iceblast (12)
 m - a wand of flame (18)
Scrolls
 j - a scroll of blinking {unknown}
 l - 2 scrolls of enchant weapon {unknown}
 o - a scroll of amnesia {unknown}
Potions
 f - a potion of berserk rage
 g - a potion of heal wounds {unknown}
 k - a potion of degeneration


   Skills:
 + Level 7.0 Fighting
 + Level 2.3 Short Blades
 + Level 2.3 Long Blades
 + Level 2.3 Axes
 + Level 7.0 Maces & Flails
 + Level 2.3 Polearms
 + Level 2.3 Staves
 + Level 2.3 Slings
 + Level 2.3 Bows
 + Level 2.3 Crossbows
 + Level 2.3 Throwing
 + Level 5.2 Armour
 + Level 5.2 Dodging
 + Level 2.3 Stealth
 + Level 2.3 Shields
 + Level 2.3 Unarmed Combat
 + Level 2.3 Spellcasting
 + Level 1.9 Conjurations
 + Level 1.9 Hexes
 + Level 1.9 Summonings
 + Level 1.9 Necromancy
 + Level 1.9 Translocations
 + Level 1.9 Transmutations
 + Level 1.9 Fire Magic
 + Level 1.9 Ice Magic
 + Level 1.9 Air Magic
 + Level 1.9 Earth Magic
 + Level 1.9 Poison Magic
 + Level 2.6 Invocations
 + Level 2.3 Evocations


You had 10 spell levels left.
You didn't know any spells.
Your spell library was empty.

Dungeon Overview and Level Annotations

Branches:
Dungeon (4/15)
 Temple: D:4-7

Altars:


Innate Abilities, Weirdness & Mutations

You have very sharp teeth.
Your uncanny sense of smell can sniff out nearby items.
Your experience applies equally to all skills.


Message History

The scorpion stings you but does no damage.
You hit the scorpion.
The scorpion is heavily wounded.
The scorpion stings you!
You are poisoned.
The scorpion poisons you! The scorpion closely misses you.
The scorpion stings you!
You barely miss the scorpion.
The scorpion is heavily wounded.
You feel very sick. The scorpion stings you.
You are more poisoned.
The scorpion poisons you! The scorpion stings you.
You slash the scorpion!
You kill the scorpion!
Trog accepts your kill.
You feel extremely sick.
Your Fighting skill increases to level 7!
Your Maces & Flails skill increases to level 7!
You start resting.
You feel very sick. x2
You feel sick. x8
You are no longer poisoned.
You start resting.
A ball python comes into view.
A ball python is nearby!
An ogre comes into view. It is wielding a +0 giant club.
The ball python bites you.
* * * LOW HITPOINT WARNING * * *
The ball python barely misses you.
You slash the ball python!
You kill the ball python!
Trog accepts your kill.
An ogre is nearby!
You hit the ogre.
The ogre is lightly wounded.
The ogre hits you with a +0 giant club!
* * * LOW HITPOINT WARNING * * *
The ogre hits you with a +0 giant club.
You die...

##.#### .....#
..... ##...##
##.....# #.#....#
###.#.O..#
######.....@..# ∆
#......?....#......
#......#...## ..#..
##.....#...# ...
####.....#.#.# #..
#.#.#......### .
##....#.....##.
###.....#.........
#...#..........###


You could see an ogre.

Vanquished Creatures
  Grinder (D:4)
  Sigmund (D:4)
  A scorpion (D:4)
  4 adders
  A worm (D:4)
  2 dart slugs
  10 orcs
  4 endoplasms
  3 giant cockroaches (D:3)
  8 hobgoblins
  8 jackals
  3 quokkas
  5 ball pythons
  8 bats
  4 frilled lizards
  7 goblins
  5 kobolds
  3 rats
78 creatures vanquished.

Notes
Turn   | Place    | Note
-------+----------+-------------------------------------------
     0 | D:1      | bromine the Gnoll Berserker began the quest for the Orb.
     0 | D:1      | Reached XP level 1. HP: 23/23 MP: 1/1
   167 | D:1      | Found a faded altar of an unknown god.
   313 | D:1      | Reached XP level 2. HP: 29/29 MP: 2/2
  1343 | D:2      | Reached XP level 3. HP: 34/35 MP: 3/3
  1680 | D:2      | Reached skill level 1 in Invocations
  1719 | D:2      | Reached ** piety under Trog
  1815 | D:2      | Reached skill level 1 in Short Blades
  1815 | D:2      | Reached skill level 1 in Long Blades
  1815 | D:2      | Reached skill level 1 in Axes
  1815 | D:2      | Reached skill level 1 in Polearms
  1815 | D:2      | Reached skill level 1 in Staves
  1815 | D:2      | Reached skill level 1 in Slings
  1815 | D:2      | Reached skill level 1 in Bows
  1815 | D:2      | Reached skill level 1 in Crossbows
  1815 | D:2      | Reached skill level 1 in Throwing
  1815 | D:2      | Reached skill level 1 in Stealth
  1815 | D:2      | Reached skill level 1 in Shields
  1815 | D:2      | Reached skill level 1 in Unarmed Combat
  1815 | D:2      | Reached skill level 1 in Spellcasting
  1815 | D:2      | Reached skill level 1 in Evocations
  4782 | D:3      | Reached XP level 4. HP: 39/41 MP: 5/5
  5364 | D:3      | Found a glowing drain.
  5388 | D:3      | Reached skill level 1 in Conjurations
  5388 | D:3      | Reached skill level 1 in Hexes
  5388 | D:3      | Reached skill level 1 in Summonings
  5388 | D:3      | Reached skill level 1 in Necromancy
  5388 | D:3      | Reached skill level 1 in Translocations
  5388 | D:3      | Reached skill level 1 in Transmutations
  5388 | D:3      | Reached skill level 1 in Fire Magic
  5388 | D:3      | Reached skill level 1 in Ice Magic
  5388 | D:3      | Reached skill level 1 in Air Magic
  5388 | D:3      | Reached skill level 1 in Earth Magic
  5388 | D:3      | Reached skill level 1 in Poison Magic
  5907 | D:4      | Noticed Grinder
  5927 | D:4      | Paralysed by Grinder for 6 turns
  5937 | D:4      | Killed Grinder
  5938 | D:4      | Reached skill level 5 in Armour
  5938 | D:4      | Reached skill level 5 in Dodging
  5938 | D:4      | Reached XP level 5. HP: 40/47 MP: 5/7
  5938 | D:4      | Reached XP level 6. HP: 45/53 MP: 5/8
  6186 | D:4      | Noticed Sigmund
  6199 | D:4      | Killed Sigmund
  6200 | D:4      | Reached XP level 7. HP: 59/59 MP: 8/10
  6346 | D:4      | Slain by an ogre

Illustrated notes

Levels and vault maps discovered:
D:1:      psy_arrival_radial01, layout_basic, ebering_ecumenical_altar_rust
D:2:      layout_basic
D:3:      layout_basic, cheibrodos_sewer_entry_drain
D:4:      layout_cave_pools, makhleb_blood_cavern_becter, uniq_grinder,
          uniq_sigmund

Skill      XL: |  1  2  3  4  5  6  7 |
---------------+----------------------+-----
Invocations    | 1 2 |  2.6
Short Blades   | 1 2 |  2.3
Long Blades    | 1 2 |  2.3
Axes           | 1 2 |  2.3
Polearms       | 1 2 |  2.3
Staves         | 1 2 |  2.3
Slings         | 1 2 |  2.3
Bows           | 1 2 |  2.3
Crossbows      | 1 2 |  2.3
Throwing       | 1 2 |  2.3
Stealth        | 1 2 |  2.3
Shields        | 1 2 |  2.3
Unarmed Combat | 1 2 |  2.3
Spellcasting   | 1 2 |  2.3
Evocations     | 1 2 |  2.3
Conjurations   | 1 |  1.9
Hexes          | 1 |  1.9
Summonings     | 1 |  1.9
Necromancy     | 1 |  1.9
Translocations | 1 |  1.9
Transmutations | 1 |  1.9
Fire Magic     | 1 |  1.9
Ice Magic      | 1 |  1.9
Air Magic      | 1 |  1.9
Earth Magic    | 1 |  1.9
Poison Magic   | 1 |  1.9
Armour         | 5 |  5.2
Dodging        | 5 |  5.2
Fighting       | 7 |  7.0
Maces & Flails | 7 |  7.0

Action                   |  1- 3 |  4- 6 |  7- 9 || total
-------------------------+-------+-------+-------++-------
Melee: Mace              |    89 |   137 |     9 ||   235
       Bite              |     7 |     5 |     1 ||    13
       Punch             |     1 |     1 |       ||     2
       Scythe            |       |       |     9 ||     9
Throw: Dart              |       |     2 |       ||     2
Invok: Berserk           |     1 |     3 |       ||     4
  Use: Scroll            |     4 |       |     1 ||     5
Armor: Animal skin       |     1 |       |       ||     1
       Ring mail         |    51 |   168 |    12 ||   231
Dodge: Dodged            |    91 |   221 |    17 ||   329
